Map: Miner Evacuation

Players

monk

  • Race: Protoss Protoss
  • Spawn Location: 7:00

sTkmonk

  • Race: Terran Terran
  • Spawn Location: 7:00

VOD

Have the link to the VOD?

Description

Time

  • Played on: Sept. 21, 2017, 7:28 p.m.
  • Length: 29:50
Show
View Real Time Build Order
Export as new Build Order

monk Protoss 

Build Orders:  

Get SALT Encoding   

  12  0:03  Probe (Chrono Boost)  
  13  0:16  Probe (Chrono Boost)  
  14  0:27  Probe (Chrono Boost)  
  15  0:38  Probe (Chrono Boost)  
  16  0:43  Gateway  
  17  0:51  Probe (Chrono Boost)  
  17  1:02  Assimilator, Probe (Chrono Boost)  
  18  1:13  Assimilator, Probe (Chrono Boost)  
  19  1:24  Probe (Chrono Boost)  
  20  1:35  Probe (Chrono Boost)  
  21  1:46  Probe (Chrono Boost)  
  21  1:49  Cybernetics Core  
  22  1:57  Probe (Chrono Boost)  
  23  2:09  Probe (Chrono Boost)  
  25  2:20  Probe (Chrono Boost)  
  26  2:31  Probe (Chrono Boost)  
  26  2:42  Robotics Facility, Probe (Chrono Boost)  
  26  2:44  Pylon  
  27  2:53  Probe (Chrono Boost)  
  28  3:14  Dragoon  
  28  3:15  Dragoon x2  
  34  3:50  Immortal  
  38  4:09  Immortal  
  42  4:28  Immortal  
  46  4:56  Zealot  
  46  5:15  Immortal  
  50  5:40  Immortal  
  54  6:00  Immortal  
  58  6:19  Probe  
  59  6:32  Immortal  
  59  6:36  Probe  
  64  6:52  Immortal  
  64  6:53  Probe  
  44  7:10  Probe  
  68  7:26  Probe  
  68  7:27  Nexus  
  69  7:33  Immortal  
  73  7:43  Probe  
  74  8:00  Probe  
  74  8:05  Robotics Bay  
  75  8:17  Probe  
  76  8:34  Probe  
  76  8:36  Forge  
  77  8:46  Assimilator  
  77  8:48  Assimilator  
  77  8:51  Probe  
  78  9:05  Probe  
  78  9:08  Probe  
  79  9:13  Improved Barrier  
  79  9:17  Probe (Chrono Boost)  
  80  9:25  Protoss Ground Weapons Level 1 (Chrono Boost), Probe (Chrono Boost)  
  82  9:33  Probe (Chrono Boost)  
  82  9:36  Observer  
  85  9:40  Probe (Chrono Boost)  
  85  9:46  Probe (Chrono Boost)  
  86  9:52  Probe (Chrono Boost)  
  87  10:06  Probe (Chrono Boost)  
  87  10:08  Probe (Chrono Boost)  
  89  10:13  Scarab Housing  
  89  10:17  Probe (Chrono Boost)  
  89  10:19  Probe (Chrono Boost)  
  91  10:23  Reaver x2  
  91  10:28  Probe (Chrono Boost)  
  104  10:32  Pylon  
  104  10:37  Twilight Council  
  104  10:57  Reaver  
  110  11:24  Reaver  
  112  11:55  Reaver  
  110  12:11  Gateway  
  110  12:13  Gateway  
  110  12:14  Gateway  
  110  12:16  Gateway  
  110  12:19  Gateway  
  110  12:35  Whirlwind  
  110  12:53  Protoss Ground Weapons Level 2 (Chrono Boost)  
  110  13:06  Solarite Payload  
  110  13:08  Stargate  
  110  13:12  Zealot  
  110  13:13  Zealot x2  
  116  13:23  Zealot x3  
  116  13:24  Zealot  
  116  13:26  Zealot  
  122  13:32  Immortal  
  124  13:51  Zealot x2  
  124  13:52  Zealot x3  
  114  14:14  Fleet Beacon  
  114  14:25  Zealot x3  
  114  14:28  Zealot x2  
  114  14:29  Zealot  
  126  14:32  Zealot  
  126  14:37  Zealot  
  120  14:45  Zealot  
  120  14:49  Zealot  
  120  14:50  Zealot x2  
  120  14:53  Zealot  
  120  15:05  Zealot  
  116  15:13  Zealot  
  116  15:16  Zealot  
  116  15:18  Zealot  
  122  15:24  Phoenix  
  122  15:32  Protoss Air Weapons Level 1  
  122  15:36  Double Graviton Beam  
  120  15:50  Zealot  
  120  15:53  Protoss Ground Weapons Level 3 (Chrono Boost)  
  120  15:54  Zealot x3  
  120  15:55  Zealot x2  
  122  16:12  Charge  
  122  16:15  Zealot x3  
  122  16:16  Zealot  
  130  16:22  Phoenix  
  132  16:30  Phoenix  
  132  16:39  Phoenix  
  126  16:40  Anion Pulse-Crystals  
  126  16:49  Immortal  
  130  16:54  Zealot  
  132  17:03  Phoenix  
  132  17:15  Zealot x2  
  134  17:26  Observer  
  134  17:29  Phoenix  
  135  17:37  Immortal  
  135  17:39  Immortal  
  143  17:57  Zealot x3  
  143  17:59  Zealot  
  151  18:09  Zealot  
  141  18:13  Phoenix  
  137  18:28  Protoss Shields Level 1 (Chrono Boost)  
  137  18:32  Zealot  
  137  18:33  Zealot  
  137  18:35  Protoss Air Weapons Level 2 (Chrono Boost)  
  137  18:36  Zealot x2  
  137  18:37  Zealot x2  
  136  19:18  Zealot  
  138  19:25  Observer  
  139  19:39  Phoenix x3  
  145  19:41  Protoss Shields Level 2  
  145  19:51  Reaver  
  151  20:22  Immortal x2  
  151  20:27  Zealot x4  
  161  20:49  Gravitic Boosters  
  159  20:59  Zealot  
  159  21:41  Phoenix  
  159  21:42  Phoenix  
  159  21:49  Zealot x3  
  169  21:50  Zealot  
  169  21:54  Protoss Air Weapons Level 3 (Chrono Boost)  
  169  21:55  Immortal  
  173  22:18  Zealot  
  173  22:19  Zealot x2  
  173  22:22  Phoenix x2  
  175  22:31  Immortal  
  175  23:00  Immortal  
  175  23:08  Zealot x2  
  175  23:09  Zealot x2  
  183  23:28  Protoss Shields Level 3, Immortal  
  179  23:54  Probe  
  179  23:57  Zealot  
  179  23:58  Zealot  
  184  24:01  Zealot x4  
  184  24:02  Zealot x2  
  194  24:23  Phoenix  
  194  24:24  Phoenix x2  
  200  25:03  Protoss Air Armor Level 1 (Chrono Boost)  
  196  25:12  Zealot x2  
  196  25:13  Zealot  
  192  25:20  Zealot  
  192  25:21  Zealot x3  
  194  25:39  Zealot x4  
  196  25:56  Observer  
  197  26:24  Zealot  
  191  27:30  Zealot  
  191  27:31  Zealot x3  
  191  27:32  Zealot  
  191  27:36  Immortal  
  197  27:43  Zealot  
  175  28:05  Zealot  
  175  28:06  Zealot  
  175  28:09  Zealot x2  
  163  28:20  Zealot  
  163  28:28  Phoenix x3  
  161  28:34  Immortal x3  
Show
View Real Time Build Order
Export as new Build Order

sTkmonk Terran 

Build Orders:  

Get SALT Encoding   

Tags
 
Add a new tag
Caveats
  • Supply blocks, unpowered buildings, or Contaminate may cause inaccurate times.
  • Supply counts are checked every 10 seconds.